[Event "1st Bangalore GM-Open-A 2024"]
[Site "Bangalore"]
[Date "2024.01.24"]
[Round "8.38"]
[White "Nguyen, Duc Hoa"]
[Black "Dhyey Agarwal"]
[Result "1/2-1/2"]
[ECO "C45"]
[WhiteElo "2322"]
[BlackElo "2087"]
[Annotator "RC"]
[PlyCount "128"]
[EventDate "2024.01.20"]
[EventType "swiss"]
[EventCountry "IND"]
[SourceTitle "playchess.com"]
[Source "ChessBase"]
[SourceQuality "1"]
[TimeControl "5400+30"]

1. e4 e5 2. Nf3 Nc6 3. d4 exd4 4. Nxd4 Bc5 5. Nb3 Bb6 6. Nc3 Nf6 7. Bg5 h6 8. Bh4 d6 9. Bb5 O-O 10. Qe2 Nd4 11. Nxd4 Bxd4 12. O-O-O Bxc3 13. bxc3 Qe7 14. Rhe1 Qe5 15. Kb2 Nxe4 16. Qc4 Qh5 17. Be7 Be6 18. Qf1 Nc5 19. Bxf8 a6 20. Qe2 Bg4 21. f3 axb5 22. fxg4 Na4+ 23. Kc1 Qc5 24. Bxg7 Kxg7 25. Qe3 Qa3+ 26. Kd2 Nb2 27. Qd4+ Kg8 28. Ra1 Nc4+ 29. Ke2 Ne5 30. Qb4 Qa6 31. Kf1 Nc4 32. Re2 Qc6 33. Rb1 Na3 34. Rbe1 Ra4 35. Qb2 Rf4+ 36. Kg1 Qc5+ 37. Kh1 Nc4 38. Qc1 Rf6 39. Re7 Ne5 40. Re8+ Kh7 41. h3 Qc6 42. R8xe5 dxe5 43. Qe3 Qd6 44. Qe4+ Kg7 45. Qxb7 c6 46. Qb6 Qd2 47. Qg1 Qxc3 48. Re2 Rf4 49. Qc1 f6 50. Kh2 Rd4 51. Rf2 Rd6 52. Rf3 Qc5 53. Rf5 Qc3 54. Qg1 Rd7 55. Qf2 e4 56. Rc5 e3 57. Qf5 Qd4 58. Rxc6 Re7 59. Re6 Rxe6 60. Qxe6 Qf4+ 61. Kg1 Qf2+ 62. Kh2 Qf4+ 63. Kg1 Qf2+ 64. Kh2 Qf4+ 1/2-1/2

[Event "1st Bangalore GM-Open-A 2024"]
[Site "Bangalore"]
[Date "2024.01.24"]
[Round "8.39"]
[White "Nguyen Thanh Thuy Tien"]
[Black "Saptarshi, Roy"]
[Result "1-0"]
[ECO "B01"]
[WhiteElo "2118"]
[BlackElo "2322"]
[Annotator "RC"]
[PlyCount "49"]
[EventDate "2024.01.20"]
[EventType "swiss"]
[EventCountry "IND"]
[SourceTitle "playchess.com"]
[Source "ChessBase"]
[SourceQuality "1"]
[TimeControl "5400+30"]

1. e4 d5 2. exd5 Qxd5 3. Nc3 Qa5 4. d4 Nf6 5. Nf3 c6 6. Bc4 Bf5 7. Bd2 Qc7 8. Ne5 e6 9. g4 Bg6 10. Qe2 Nbd7 11. h4 b5 12. h5 Bxh5 13. Nxb5 cxb5 14. Bxb5 Bxg4 15. Nxg4 Nxg4 16. Qxg4 Rb8 17. c4 g6 18. d5 e5 19. Bc3 Bg7 20. O-O-O f5 21. d6 Qb7 22. Qh4 g5 23. Qh5+ Kf8 24. Qxg5 Nc5 25. d7 1-0

[Event "1st Bangalore GM-Open-A 2024"]
[Site "Bangalore"]
[Date "2024.01.24"]
[Round "8.40"]
[White "Daakshin Arun"]
[Black "Lasya.g"]
[Result "0-1"]
[ECO "D35"]
[WhiteElo "2309"]
[BlackElo "1945"]
[Annotator "RC"]
[PlyCount "72"]
[EventDate "2024.01.20"]
[EventType "swiss"]
[EventCountry "IND"]
[SourceTitle "playchess.com"]
[Source "ChessBase"]
[SourceQuality "1"]
[TimeControl "5400+30"]

1. d4 d5 2. c4 e6 3. Nc3 Be7 4. Bf4 Nf6 5. e3 b6 6. a3 c5 7. dxc5 bxc5 8. cxd5 Nxd5 9. Bb5+ Bd7 10. Nxd5 exd5 11. Bxd7+ Qxd7 12. Nf3 Nc6 13. O-O O-O 14. Qc2 Qe6 15. Rac1 Rac8 16. Rfd1 h6 17. h3 Na5 18. Be5 Nc4 19. Bc3 Rfd8 20. Rd3 Nd6 21. Ba5 Rd7 22. Qa4 Rb7 23. Rcd1 Nc4 24. Bc3 Nb6 25. Qf4 Bd6 26. Qh4 Be7 27. Qf4 Bd6 28. Qh4 Be7 29. Qg3 Bf6 30. Ne5 Na4 31. Rxd5 Nxc3 32. bxc3 Bxe5 33. Rxe5 Qb3 34. Qg4 Rbc7 35. Rd7 Qxc3 36. Rxc7 Qa1+ 0-1

[Event "1st Bangalore GM-Open-A 2024"]
[Site "Bangalore"]
[Date "2024.01.25"]
[Round "9.1"]
[White "Short, Nigel D"]
[Black "Sethuraman, S.P."]
[Result "1/2-1/2"]
[ECO "C77"]
[WhiteElo "2592"]
[BlackElo "2594"]
[Annotator "RC"]
[PlyCount "65"]
[EventDate "2024.01.20"]
[EventType "swiss"]
[EventCountry "IND"]
[SourceTitle "playchess.com"]
[Source "ChessBase"]
[SourceQuality "1"]
[TimeControl "5400+30"]

1. e4 e5 2. Nf3 Nc6 3. Bb5 a6 4. Ba4 Nf6 5. Qe2 b5 6. Bb3 Bc5 7. c3 O-O 8. d3 h6 9. h3 d5 10. g4 Be6 11. g5 dxe4 12. dxe4 Bxb3 13. axb3 hxg5 14. Bxg5 Be7 15. Nbd2 Nh5 16. Be3 Qd6 17. Rg1 Rfd8 18. Nh4 Bxh4 19. Qxh5 Bf6 20. h4 b4 21. Qg4 Qd7 22. h5 Qxg4 23. Rxg4 a5 24. Kd1 a4 25. bxa4 bxc3 26. bxc3 Ra6 27. Ke2 Rda8 28. Rag1 Kh7 29. Bg5 Bxg5 30. Rxg5 Rg8 31. Rf5 f6 32. Rf3 Nd8 33. Ra1 1/2-1/2

[Event "1st Bangalore GM-Open-A 2024"]
[Site "Bangalore"]
[Date "2024.01.25"]
[Round "9.2"]
[White "Gupta, Abhijeet"]
[Black "Srihari L R"]
[Result "0-1"]
[ECO "A09"]
[WhiteElo "2605"]
[BlackElo "2469"]
[Annotator "TA"]
[PlyCount "60"]
[EventDate "2024.01.20"]
[EventType "swiss"]
[EventCountry "IND"]
[SourceTitle "playchess.com"]
[Source "ChessBase"]
[SourceQuality "1"]
[TimeControl "5400+30"]

1. Nf3 d5 2. c4 d4 3. b4 c5 4. e3 dxe3 5. fxe3 cxb4 6. d4 Nf6 7. Bd3 {[%emt 0:01:14][%mdl 1024] Repels Bf5. White has compensation.} e6 {[%emt 0:01:46][%cal Be7e6,Be6e5,Be5d4][%mdl 32] EV=20.14. Goes to d4 (dbg))} 8. O-O {[%emt 0:01:04] OK} Nc6 {[%emt 0:00:36] OK. The position is equal.} 9. Bb2 Be7 {[%emt 0:04:33] OK} 10. e4 {[%emt 0:04:18] OK} Ng4 11. Qe2 {[%emt 0:02:33] Wards off Ne3. OK} e5 12. h3 {[%emt 0:02:15] Inaccurate} (12. Nxe5 $2 Nxd4 13. Qe1 Nxe5 $19) 12... h5 {[%emt 0:00:16] Inaccurate} 13. d5 {[%emt 0:01:33] OK} (13. hxg4 hxg4 14. Nxe5 Nxe5 $19 (14... Nxd4 15. Qf2 $16)) 13... Bc5+ {[%emt 0:00:42] OK} 14. Kh1 {[%emt 0:00:05][%cal Ob1d2] Nbd2! would now be deadly. Best (Easy)} Nd4 {[%emt 0:28:16] Mistake (0.7)} (14... Ne7 $1 $14) 15. Bxd4 Bxd4 16. Nxd4 exd4 17. e5 {[%emt 0:07:09][%cal Ob1d2] OK} (17. hxg4 hxg4+ 18. Kg1 Rh1+ 19. Kf2 (19. Kxh1 $2 Qh4+ 20. Kg1 g3 $19) 19... Qh4+ 20. g3 Rh2+ 21. Ke1 Rxe2+ $19) 17... Qh4 {[%emt 0:04:58][%cal Oh4g3] OK} 18. Nd2 {[%emt 0:01:56] And now e6 would win. OK} Ne3 {[%emt 0:00:47][%cal Oe8g8] [#] Best} 19. Ne4 {[%emt 0:16:09] Mistake (1.1)} O-O $11 {[%emt 0:03:03] OK} 20. e6 {[%emt 0:38:03] Black must now prevent exf7+. OK} Nxf1 {[%emt 0:05:02] Best (Easy)} 21. Rxf1 {[%emt 0:00:24] Hoping for Nd6.} fxe6 {[%emt 0:00:25] Best (Easy)} 22. Rxf8+ {[%emt 0:01:17] OK} Kxf8 23. Nd6 {[%emt 0:06:31] Mistake (1.1)} (23. Qf3+ $1 $11 {was the only way to keep the balance.} Ke7 (23... Kg8 24. Nd6 $11) 24. d6+ Ke8 25. Nf2) 23... Bd7 $17 {[%emt 0:14:23] [#] aiming for ...exd5. Best (Easy)} 24. dxe6 {[%emt 0:01:55] Loses the game. Loses game (1.9)} (24. Qf3+ $17 {only move.} Ke7 (24... Qf6 25. Qxh5 exd5 26. Qh8+ Ke7 27. Qxa8 $17) 25. Nxb7 exd5 (25... Qe1+ 26. Kh2 $15) 26. cxd5 Qe1+ 27. Kh2 Qe5+ 28. Kh1) 24... Bc6 $19 {[%emt 0:01:34] Best (Easy)} 25. Kg1 {[%emt 0:00:30] OK} Qg5 {[%emt 0:01:23] Strongly threatening ...Qc1+. OK} 26. Nf5 {[%emt 0:01:59] OK} Re8 {[%emt 0:01:33][%cal Oe8e6] Threatens to win with ...Rxe6! OK} (26... Qc1+ 27. Kh2 Qg5 (27... Qf4+ 28. g3 $17) 28. e7+ (28. Nxd4 $2 {too greedy.} Qf4+ 29. Kh1 Qxd4 $19) 28... Ke8 29. Nd6+ (29. Nxd4 $2 {is the wrong capture.} Qf6 $19) 29... Kd7 30. e8=Q+ (30. e8=B+ $2 {loses.} Kxd6 31. Bxc6 bxc6 $19) (30. e8=R $2 {perishes.} Rxe8 31. Nxe8 Kd8 $19) 30... Rxe8 31. Nxe8 $19) 27. h4 {[%emt 0:01:54] Mistake (1.6)} (27. e7+ {is a better defense.} Rxe7 28. Nxe7 Qxe7 29. Qf2+ Qf6 30. Qg3) 27... Qc1+ {[%emt 0:03:14] OK. Black is clearly winning.} 28. Kh2 {[%emt 0:01:05] OK} Qf4+ {[%emt 0:00:02] Best (Easy)} 29. Kg1 {[%emt 0:01:19] Mistake (6.1)} (29. g3 $142 Qf3 30. Qxf3 (30. e7+ $2 Kg8 $19) 30... Bxf3 31. e7+ Kg8 32. c5) 29... g6 {[%emt 0:02:43] Best} 30. Nd6 {[%emt 0:02:38] OK} Qxd6 {[%emt 0:00:00] Weighted Error Value: White=0.47/Black=0.08 (flawless) .  Loses game:     	White=1     	---        Mistake:       	White=4     	Black=1      Inaccurate:     	White=1     	Black=1      OK:         	White=12    	Black=8      Best:        	White=1     	Black=7} 0-1

[Event "1st Bangalore GM-Open-A 2024"]
[Site "Bangalore"]
[Date "2024.01.25"]
[Round "9.3"]
[White "Aronyak Ghosh"]
[Black "Mitrabha, Guha"]
[Result "1/2-1/2"]
[ECO "A46"]
[WhiteElo "2541"]
[BlackElo "2504"]
[Annotator "TA"]
[PlyCount "89"]
[EventDate "2024.01.20"]
[EventType "swiss"]
[EventCountry "IND"]
[SourceTitle "playchess.com"]
[Source "ChessBase"]
[SourceQuality "1"]
[TimeControl "5400+30"]

1. d4 Nf6 2. Nf3 e6 3. Bf4 h6 4. h4 $146 ({Predecessor:} 4. Nbd2 Nh5 5. Bg3 Nxg3 6. hxg3 d5 7. e4 Be7 8. Bd3 Nd7 9. Qe2 c5 10. exd5 exd5 11. dxc5 Nxc5 {½-½ Firouzja,A (2763)-Caruana,F (2794) CCT Final playoff rapid 2023 (2.3)}) 4... b6 5. e3 Bb7 6. Bd3 {[%emt 0:00:10] A46: Damenbauernspiele.} Bd6 7. Ne5 Be7 8. Nd2 d6 9. Nef3 c5 10. c3 Nc6 11. Qe2 O-O 12. a3 Re8 13. Rd1 Bf8 14. Bh2 d5 15. Ne5 Nd7 16. Ndf3 Be7 (16... Ncxe5 $11 17. Nxe5 c4) 17. Bg3 (17. Nxd7 $1 $16 Qxd7 18. g4) 17... Nf8 18. O-O (18. Nxc6 $5 Bxc6 19. Bc2 $14) 18... Nd7 19. Bc2 (19. Nxd7 $16 Qxd7 20. dxc5) 19... a5 $11 20. Rfe1 Qc8 (20... Ncxe5 $11 {bleibt in der Remisbreite.} 21. dxe5 Ba6) 21. Nxd7 $16 Qxd7 22. e4 (22. Qd3 $16 {Beabsichtigt Qh7+ und Matt.} f5 23. c4) 22... Ba6 $14 23. Qd2 cxd4 24. Nxd4 Nxd4 25. Qxd4 Bc5 26. Qd2 Rad8 27. exd5 exd5 28. Rxe8+ Qxe8 29. b4 Be7 30. Bc7 Rc8 31. Bxb6 axb4 32. axb4 ({Viel schwächer wäre} 32. Qxd5 $6 Qc6 (32... Rxc3 33. Qe4 $16) (32... bxc3 $2 33. Re1 $18) 33. Qxc6 Rxc6 $11) 32... Bxh4 (32... Qc6 $142 33. Bd4 Bxh4) 33. Bf5 $1 $16 ({Auf keinen Fall} 33. Qxd5 $6 Rxc3 34. Bf5 Bb5 $14) 33... Bg5 34. Qe1 (34. f4 $18 {und Weiss behält klar die Oberhand.} Bd8 35. Bc5) 34... Qxe1+ 35. Rxe1 Rb8 (35... Rf8 $16 {war nötig.}) 36. Bc7 $1 $18 Rf8 {[%emt 0:00:31] [#]} 37. Bd6 $2 (37. Ra1 $1 $18 Bc8 38. Bd3) 37... Rd8 $11 38. Bc7 $2 (38. Bg3 $11) 38... Rf8 $1 $18 {[%emt 0:00:01] [#]} 39. Bd7 (39. Ra1 $1 $18 Bc8 40. Bd3) 39... Bd2 $14 40. Ra1 Bc8 $1 41. Bxc8 Rxc8 42. Be5 f6 $1 43. Bd4 Bf4 $1 (43... Bxc3 $2 {ist das falsche Schlagen.} 44. Rc1 Bxd4 45. Rxc8+ Kf7 46. Rc7+ Ke6 47. Rxg7 $18) 44. Ra3 Be5 45. Bc5 1/2-1/2

[Event "1st Bangalore GM-Open-A 2024"]
[Site "Bangalore"]
[Date "2024.01.25"]
[Round "9.4"]
[White "Nithin Babu"]
[Black "Ghosh, Diptayan"]
[Result "0-1"]
[ECO "B12"]
[WhiteElo "2177"]
[BlackElo "2568"]
[Annotator "TA"]
[PlyCount "82"]
[EventDate "2024.01.20"]
[EventType "swiss"]
[EventCountry "IND"]
[SourceTitle "playchess.com"]
[Source "ChessBase"]
[SourceQuality "1"]
[TimeControl "5400+30"]

1. e4 c6 2. d4 d5 3. e5 Bf5 4. h4 h6 5. g4 Be4 6. f3 Bh7 7. e6 Nf6 8. Bd3 Qd6 9. exf7+ Kxf7 {[%emt 0:01:06] Die Stellung ist ausgeglichen.} 10. f4 ({Günstiger ist} 10. Bxh7 $11 Rxh7 11. Be3) 10... Bxd3 ({Besser ist} 10... Qe6+ $1 $15 11. Qe2 Qxg4) 11. cxd3 (11. Qxd3 $11 Qe6+ (11... Nxg4 12. Qf5+ Nf6 13. Nf3 $11) 12. Ne2) 11... Qe6+ $15 12. Kd2 (12. Qe2 $15) 12... Qxg4 {[%emt 0:10:44] Schwarz steht aktiver.} (12... Nxg4 {ist interessant.} 13. Qe2 Qf5 14. Nf3 e6) 13. Nf3 {[%emt 0:00:50] Ne5+ ist eine echte Drohung.} Nbd7 14. Kc2 e6 $36 {[%emt 0:05:31][%mdl 2048] Schwarz kämpft um Vorteil.} 15. h5 {[%emt 0:07:46] Schwarz führt seinen Vorteil zum Gewinn.} c5 (15... Nxh5 $2 16. Ng5+ $18) 16. Be3 (16. Qe2 $15) 16... cxd4 (16... Nxh5 $2 17. Ng5+ hxg5 18. Qxg4 $18) (16... Qg2+ $19 17. Kc1 cxd4 18. Bxd4 Bd6) 17. Bxd4 (17. Nxd4 $17 {ist eine bessere Verteidigung.} Qxd1+ 18. Kxd1) 17... Qxf4 $19 {[%emt 0:03:43] Und jetzt ...e5 wäre schön.} (17... Nxh5 $2 18. Ng5+ hxg5 19. Qxg4 $18) 18. Nc3 $2 (18. Qe2 $17) 18... e5 19. Bg1 d4 20. Rh4 Qf5 21. Ne4 Nxe4 (21... Nxh5 22. Nxd4 exd4 23. Rxh5 Rc8+ 24. Kb1 $11) 22. Rxe4 Bd6 {[%emt 0:06:33] Droht ...Rac8+ und aus.} (22... Qxh5 $2 23. Nxe5+ Qxe5 24. Rxe5 Rc8+ 25. Kb3 Nxe5 26. Qh5+ (26. Bxd4 Ng6 $18) 26... Kg8 27. Qxe5 $18) 23. Kb1 Nc5 (23... Qxh5 24. Nxe5+ Qxe5 25. Qb3+ Kf8 26. Rxe5 Nxe5 27. Bxd4 $18) 24. Nd2 Rhf8 25. b4 Nxe4 26. Nxe4 Be7 27. Kb2 Kg8 (27... Bxb4 28. Qb3+ Ke8 29. Qa4+ (29. Qxb4 Qxh5 30. Nd6+ Kd7 $11) 29... Kf7 30. Qb3+ Ke8 31. Qxb4 $11) 28. Bh2 Qe6 29. Qd2 Rf5 30. Rg1 Rxh5 31. Qe2 Qf7 32. Kb1 Rf8 ({Nicht} 32... Bxb4 33. Qxh5 Qxh5 34. Nf6+ Kf7 35. Nxh5 $11) 33. Qg2 Rf5 34. Kb2 Bxb4 35. Bg3 {[%emt 0:00:44] [#]} Bc3+ $1 36. Nxc3 (36. Kb1 Rf1+) 36... dxc3+ 37. Ka3 Qe7+ {[%emt 0:00:22] Schwarz setzt Matt.} 38. Kb3 Qe6+ 39. Ka3 Qa6+ 40. Kb4 Qb6+ 41. Ka4 {[%emt 0:00:31] [#]} Rf4+ $1 {[%emt 0:00:26] Gewichteter Fehlerwert: Weiß=0.54/Schwarz=0.17 (sehr präzise) .  Verlustzug:     	Weiß=1     	---        Fehler:       	Weiß=5     	Schwarz=2     Ungenau:       	Weiß=1     	Schwarz=2     OK:         	Weiß=2     	Schwarz=11    Bester:       	Weiß=1     	Schwarz=2} 0-1

[Event "1st Bangalore GM-Open-A 2024"]
[Site "Bangalore"]
[Date "2024.01.25"]
[Round "9.5"]
[White "Iniyan, Pa"]
[Black "Neelash Saha"]
[Result "1/2-1/2"]
[ECO "D37"]
[WhiteElo "2515"]
[BlackElo "2446"]
[Annotator "RC"]
[PlyCount "107"]
[EventDate "2024.01.20"]
[EventType "swiss"]
[EventCountry "IND"]
[SourceTitle "playchess.com"]
[Source "ChessBase"]
[SourceQuality "1"]
[TimeControl "5400+30"]

1. d4 Nf6 2. c4 e6 3. Nf3 d5 4. Nc3 Be7 5. Bf4 O-O 6. e3 Nbd7 7. c5 Nh5 8. Bd3 Nxf4 9. exf4 b6 10. b4 a5 11. a3 c6 12. O-O Ba6 13. Bxa6 Rxa6 14. Qe2 Qa8 15. b5 cxb5 16. Qxb5 Ra7 17. c6 Nb8 18. Rfc1 Rc7 19. Ne5 Rfc8 20. Qxb6 Nxc6 21. Nb5 Rb7 22. Nxc6 Bf8 23. Ne7+ Bxe7 24. Rxc8+ Qxc8 25. Qxa5 Qb8 26. a4 Qxf4 27. g3 Qb8 28. Rc1 g6 29. Rc6 Kg7 30. Kg2 h5 31. h4 Bd8 32. Qa6 Be7 33. Qa5 Bd8 34. Qd2 Rxb5 35. axb5 Qxb5 36. Rc8 Bf6 37. Qc3 Qb7 38. Re8 Be7 39. Qa5 Kh7 40. Qa4 Bf6 41. Qa3 Qb1 42. Rf8 Qb7 43. Re8 Qb1 44. Qf8 Qe4+ 45. Kg1 Qe1+ 46. Kg2 Qe4+ 47. Kh2 Qf5 48. Qxf7+ Kh6 49. Qf8+ Kh7 50. Kg2 Qe4+ 51. Kg1 Qe1+ 52. Kg2 Qe4+ 53. Kh2 Qf5 54. Kg2 1/2-1/2

[Event "1st Bangalore GM-Open-A 2024"]
[Site "Bangalore"]
[Date "2024.01.25"]
[Round "9.6"]
[White "Pranav Anand"]
[Black "Neelotpal, Das"]
[Result "1/2-1/2"]
[ECO "C50"]
[WhiteElo "2513"]
[BlackElo "2329"]
[Annotator "TA"]
[PlyCount "84"]
[EventDate "2024.01.20"]
[EventType "swiss"]
[EventCountry "IND"]
[SourceTitle "playchess.com"]
[Source "ChessBase"]
[SourceQuality "1"]
[TimeControl "5400+30"]

1. e4 e5 2. Nf3 Nc6 3. Bc4 Bc5 4. d3 Nf6 5. Bg5 h6 6. Bh4 Be7 {[%emt 0:03:09] C50: Italienische Partie.} 7. Bg3 d6 8. a4 O-O 9. c3 Kh8 10. a5 Rb8 $146 ({Predecessor:} 10... a6 11. Nbd2 Ng8 12. d4 f5 13. d5 Nb8 14. exf5 Bxf5 15. Qe2 Nf6 16. Bd3 Bxd3 17. Qxd3 {½-½ Navara,D (2682)-Narayanan,S (2662) Prague Cez Trophy m rapid 2022 (3)}) 11. Nbd2 Nh7 12. b4 a6 13. Nf1 f5 14. exf5 d5 15. Bb3 d4 16. Nxe5 (16. Bxe5 $2 Ng5 17. N1d2 (17. cxd4 $2 Nxf3+ 18. gxf3 Bxb4+ 19. Ke2 Nxd4+ 20. Bxd4 Qxd4 $19) 17... dxc3 $19 (17... Rxf5 18. Bxd4 Bxb4 19. O-O $11) (17... Bxf5 18. O-O $17)) 16... Bxf5 17. Qh5 (17. Bc4 $17 {war einen Versuch wert.}) 17... Nxe5 (17... dxc3 18. Qxf5 Nxe5 19. Qxe5 $14) 18. Bxe5 dxc3 (18... Bxd3 19. Bxd4 Bxb4 20. Qd5 Qxd5 (20... Qe8+ 21. Ne3 $11) 21. Bxd5 $17) 19. Ne3 (19. d4 $17 c2 (19... Bxb4 20. Ne3 $17) 20. Ne3 Bxb4+ 21. Ke2) 19... Qxd3 $19 (19... Bxd3 20. O-O-O Bg5 (20... Bxb4 21. Bxg7+ Kxg7 22. Qg4+ Qg5 23. Qxb4 $16) (20... Rxf2 21. Qxh6 $11) 21. f4 Bxf4 22. Bxf4 Rxf4 23. Qc5 $17) 20. Rd1 c2 21. Rxd3 c1=Q+ (21... c1=R+ $2 22. Rd1 Bxb4+ 23. Kf1 $18 (23. Ke2 Rc5 $18)) 22. Rd1 Bxb4+ 23. Ke2 Qc6 $1 (23... Qc5 $2 24. Rd5 Qc6 25. Nxf5 $18) 24. Rd5 (24. Nxf5 $2 Qb5+ $19 (24... Qxg2 $2 25. Bxg7+ $18) (24... Qxg2 $2 25. Bxg7+ $18)) (24. Bxg7+ Kxg7 25. Nxf5+ Kh8 $19) 24... Be4 25. Qg4 Ng5 26. f4 (26. h4 $142 Bxd5 27. Bxd5 Qb5+ 28. Qc4) 26... Ne6 $19 27. Rhd1 {[%emt 0:03:01] [#]} Bc3 $2 (27... Rbe8 $1 $19 {und Schwarz behält klar die Oberhand.} 28. f5 Ng5) 28. Rc1 $2 (28. Bxc3 $17 {ist der einzige Weg für Weiss..} Qxc3 29. Qxe6 Bxd5 30. Qxd5 Rxf4 31. Qd3 Qxa5 32. Bc2) 28... Bxe5 $2 (28... Bxd5 $19 {ist viel giftiger.} 29. Bxd5 Nxf4+ (29... Qb5+ $2 30. Bc4 $19) 30. Bxf4 Qf6) 29. Rxc6 $17 Nxf4+ 30. Kd2 Bxd5 ({Minderwertig wäre} 30... bxc6 31. Rxe5 Rfd8+ (31... Rbd8+ 32. Kc3 $16) 32. Ke1 Nd3+ 33. Ke2 Nc1+ 34. Kf2 Nd3+ 35. Kg1 Nxe5 36. Qxe4 Rxb3 37. Qxe5 $18) 31. Rc5 Bxb3 32. Rxe5 Rbd8+ 33. Kc3 {[%emt 0:00:00] [#]} Rd3+ (33... Be6 $1 $17 34. Nf5 (34. Rxe6 h5 $17) 34... Bxf5 35. Rxf5 Ne2+ 36. Kb2 Rd2+ 37. Kb1 Rfd8) 34. Kb2 $11 Bg8 35. Nf5 g5 $1 36. g3 Rb3+ 37. Kc2 Nd3 $2 (37... Rb4 $1 $11 38. gxf4 Rxf4) 38. Re3 $2 ({Vorzuziehen ist} 38. Rd5 $18 {jetzt Qd4+ und aus.} Nb4+ 39. Kxb3 Nxd5 40. Qd4+ (40. Nxh6 $2 {geht unter.} Ne3+ 41. Nxg8 Nxg4 $19) 40... Nf6+ 41. Ka3) 38... Rd8 39. Qh5 Nb4+ 40. Kc1 Na2+ $1 41. Kc2 Nb4+ 42. Kc1 Na2+ $1 1/2-1/2

[Event "1st Bangalore GM-Open-A 2024"]
[Site "Bangalore"]
[Date "2024.01.25"]
[Round "9.7"]
[White "Shyam, Sundar M."]
[Black "Ilamparthi A R"]
[Result "1-0"]
[ECO "A49"]
[WhiteElo "2497"]
[BlackElo "2426"]
[Annotator "TA"]
[PlyCount "89"]
[EventDate "2024.01.20"]
[EventType "swiss"]
[EventCountry "IND"]
[SourceTitle "playchess.com"]
[Source "ChessBase"]
[SourceQuality "1"]
[TimeControl "5400+30"]

1. Nf3 Nf6 2. b3 g6 3. Bb2 Bg7 4. g3 c5 5. Bg2 O-O 6. O-O d6 7. d4 cxd4 8. Nxd4 d5 9. c4 e5 10. Nc2 d4 11. Nd2 Nc6 {[%emt 0:02:04] Black is slightly better.} 12. e4 a5 13. Ba3 Re8 14. Ne1 h5 (14... Bg4 $17 15. f3 Be6) 15. c5 {[%emt 0:09:00] [#]} (15. Nd3 $15) 15... Be6 (15... Bg4 $1 $17 16. f3 Be6) 16. Nc4 Bxc4 17. bxc4 Nb4 18. Nd3 Qc7 19. Bxb4 axb4 20. Rb1 Bf8 21. Rxb4 Bxc5 22. Rb5 Bf8 (22... b6 $17 23. a4 Kg7) 23. c5 (23. Qb1 $11) 23... Ra3 (23... Rxa2 $15 24. Qb3 Ra7) 24. Qb1 $11 Nd7 25. Rc1 (25. Rxb7 $5 Qc6 $8 26. Rb3 Rxb3 (26... Bxc5 27. Bh3 $16) 27. Qxb3 $11) 25... Qc6 26. Bf1 Qxe4 27. Rxb7 Nf6 (27... Qc6 $11 {keeps the balance.}) 28. c6 $16 {[%emt 0:01:40][%cal Bc5c6,Bc6c7][%mdl 32] White leaves nothing to chance now.} Bd6 (28... Kg7 $16) 29. c7 $18 Rc3 30. Rxc3 dxc3 31. Qb5 {[%emt 0:00:06][%cal Ob5e8] [#] Qxe8+! would now be deadly.} Rf8 (31... Qf5 32. Rb8 Bxc7 33. Rxe8+ Nxe8) 32. Rb8 {[%emt 0:06:50] Hoping for Rxf8+.} Qf5 33. Rxf8+ Kxf8 34. Qc6 Bxc7 35. Qxc7 e4 36. Ne5 Nd5 37. Qd6+ Kg8 38. Qxd5 c2 39. Qc5 c1=Q 40. Qxc1 Qxe5 41. a4 h4 42. Qf4 Qd4 43. a5 {[%emt 0:00:07] White wants to mate with a6.} hxg3 44. hxg3 Qc5 45. a6 {[%emt 0:00:05] Weighted Error Value: White=0.09 (flawless) /Black=0.66.  Mistake:       	White=2     	Black=7      Inaccurate:     	White=2     	Black=2      OK:         	White=9     	Black=7      Best:        	White=4     	Black=3} 1-0

[Event "1st Bangalore GM-Open-A 2024"]
[Site "Bangalore"]
[Date "2024.01.25"]
[Round "9.8"]
[White "Chanda, Sandipan"]
[Black "Dere Pushkar"]
[Result "1/2-1/2"]
[ECO "D12"]
[WhiteElo "2486"]
[BlackElo "2191"]
[Annotator "TA"]
[PlyCount "97"]
[EventDate "2024.01.20"]
[EventType "swiss"]
[EventCountry "IND"]
[SourceTitle "playchess.com"]
[Source "ChessBase"]
[SourceQuality "1"]
[TimeControl "5400+30"]

1. d4 d5 2. c4 c6 3. Nf3 Nf6 4. e3 Bf5 5. Bd3 Bg6 6. O-O e6 7. Qc2 Nbd7 8. Nbd2 Bd6 9. e4 dxe4 10. Nxe4 Nxe4 11. Bxe4 Nf6 12. Bxg6 hxg6 13. Bg5 Qc7 14. g3 O-O 15. a3 (15. c5 $5 Be7 $8 16. h4 $14) 15... c5 16. dxc5 Bxc5 17. b4 Be7 18. c5 Nd5 19. Bxe7 Qxe7 20. Ne5 a5 21. b5 {[%emt 0:03:12] Weiß steht aktiver.} Rfc8 22. Rfc1 Rc7 23. Rab1 (23. c6 $16) 23... Rac8 $1 $11 24. c6 bxc6 $1 {[%emt 0:02:57] Die Stellung ist ausgeglichen.} 25. Nxc6 (25. b6 $5 Rb7 $8 26. Nc4 $14) 25... Qxa3 26. Ra1 Qf3 27. Qd2 {[%emt 0:00:25][%cal Oc6e7] [#] Gegen Nb4 gerichtet. Zielt auf Ne7+! ab.} Ra8 28. Ra4 g5 29. Rca1 f6 30. Nd4 Qc3 31. Qxc3 Nxc3 32. Rxa5 (32. Nxe6 $2 {geht unter.} Re7 33. Rc4 Ne2+ (33... Nxb5 34. Rc5 $17) 34. Kf1 Rxe6 $17) 32... Rxa5 33. Rxa5 {[%emt 0:00:02][%mdl 4096] Endspiel. KRN-KRN} e5 34. b6 Rb7 35. Ra8+ ({Viel schwächer wäre} 35. Nb5 Ne4 $15) 35... Kh7 36. Ra7 Rxb6 37. Nf5 Ne2+ 38. Kg2 ({Finger weg von} 38. Kf1 Nd4 39. Nxd4 exd4 $14) 38... Nd4 39. Nxg7 Kg6 40. Ne8 Nf5 41. g4 Nh4+ 42. Kf1 Nf3 43. Kg2 Nh4+ 44. Kf1 Nf3 45. Kg2 e4 {[%emt 0:00:19] [#] ...Nh4+ wäre nun fies.} 46. Rg7+ Kh6 47. Rf7 Kg6 48. Rg7+ Kh6 49. Rf7 {[%emt 0:00:05] Gewichteter Fehlerwert: Weiß=0.06 (makellos) /Schwarz=0.04 (makellos) .  Fehler:       	Weiß=1     	---        Ungenau:       	Weiß=1     	Schwarz=2     OK:         	Weiß=20    	Schwarz=11    Bester:       	Weiß=4     	Schwarz=2     Stark:        	---       	Schwarz=2} 1/2-1/2

[Event "1st Bangalore GM-Open-A 2024"]
[Site "Bangalore"]
[Date "2024.01.25"]
[Round "9.9"]
[White "Kushagra Mohan"]
[Black "Sankalp Gupta"]
[Result "1/2-1/2"]
[ECO "B33"]
[WhiteElo "2374"]
[BlackElo "2535"]
[Annotator "TA"]
[PlyCount "60"]
[EventDate "2024.01.20"]
[EventType "swiss"]
[EventCountry "IND"]
[SourceTitle "playchess.com"]
[Source "ChessBase"]
[SourceQuality "1"]
[TimeControl "5400+30"]

1. e4 c5 2. Nf3 Nc6 3. d4 cxd4 4. Nxd4 Nf6 5. Nc3 e5 6. Ndb5 d6 7. Bg5 a6 8. Na3 b5 9. Nab1 Be7 10. Bxf6 Bxf6 11. a4 b4 12. Nd5 O-O 13. Bc4 Be6 14. O-O a5 15. Qd3 Rc8 16. c3 bxc3 17. bxc3 Ne7 18. Nxf6+ gxf6 19. Na3 Qb6 20. Bxe6 fxe6 21. Nc4 {[%emt 0:01:35] The position is equal.} Qa6 22. Qxd6 Qxd6 23. Nxd6 Rxc3 24. Rfc1 Rxc1+ 25. Rxc1 $11 {[%emt 0:02:18][%mdl 4096] Endgame. KRN-KRN} Rd8 26. Nb7 Rd4 27. Nxa5 Rxa4 28. Nc4 Ng6 29. g3 Ne7 30. Kg2 Kf8 {[%emt 0:02:20] Weighted Error Value: White=0.03 (flawless) /Black=0.05 (flawless) .  OK:         	White=6     	Black=9} 1/2-1/2